 Dungeon Crawl Stone Soup version 0.29.1-2-gbd0b4ee654 (webtiles) character file.

Game seed: 6920965024813015201

462 safid the Shooter (level 6, -2/58 HPs)
             Began as a Minotaur Hunter on Nov 4, 2022.
             Slain by a centaur (5 damage)
             ... on level 5 of the Dungeon.
             The game lasted 00:05:36 (3737 turns).

safid the Shooter (Minotaur Hunter)                 Turns: 3737, Time: 00:05:36

Health: -2/58      AC:  7    Str: 16    XL:     6   Next: 79%
Magic:  5/5        EV: 10    Int:  6    God:
Gold:   141        SH:  0    Dex: 15    Spells: 5/5 levels left

rFire   . . .      SeeInvis .   a - +0 shortbow
rCold   . . .      Faith    .   (shield currently unavailable)
rNeg    . . .      Spirit   .   t - +0 scale mail
rPois   .          Reflect  .   (helmet restricted)
rElec   .          Harm     .   (no cloak)
rCorr   .          Rampage  .   (no gloves)
Will    .....                   m - +0 pair of boots
Stlth   ..........              (no amulet)
HPRegen 0.19/turn               (no ring)
MPRegen 0.09/turn               (no ring)

@: brilliant, lethally poisoned (-2 -> -21)
A: horns 2, retaliatory headbutt
a: no special abilities


You were on level 5 of the Dungeon.
You visited 1 branch of the dungeon, and saw 5 of its levels.

You collected 141 gold pieces.

Inventory:

Hand Weapons
 a - a +0 shortbow (weapon)
Armour
 m - a +0 pair of boots (worn)
 t - a +0 scale mail (worn)
Scrolls
 d - a scroll of blinking {unknown}
 e - a scroll of poison {unknown}
 f - 5 scrolls of identify {unknown}
 h - a scroll of enchant weapon {unknown}
 i - 2 scrolls of silence {unknown}
 j - 2 scrolls of fear {unknown}
 k - a scroll of summoning {unknown}
 l - 5 scrolls of vulnerability {unknown}
 n - a scroll of noise {unknown}
 q - a scroll of amnesia {unknown}
Potions
 b - 2 potions of flight {unknown}
 c - a potion of mutation {unknown}
 g - a potion of curing {unknown}
 o - 2 potions of brilliance
 p - a potion of magic {unknown}
 r - a potion of lignification {unknown}
 s - a potion of attraction {unknown}


   Skills:
 + Level 6.4 Fighting
 + Level 7.1 Ranged Weapons
 - Level 2.1 Dodging
 - Level 0.7 Stealth


You had 5 spell levels left.
You didn't know any spells.
Your spell library contained the following spells:

 Spells                   Type           Power      Damage    Failure   Level
 Gell's Gravitas          Tloc           0%         N/A       99%         3
 Lesser Beckoning         Tloc           0%         N/A       99%         3
 Teleport Other           Tloc           0%         N/A       99%         3


Dungeon Overview and Level Annotations

Branches:
Dungeon (5/15)
 Temple: D:4-7

Altars:
Hepliaklqana
The Shining One

Shops:
D:4 *

Annotations:
D:3 2 transporters, zeram's ghost, amateur SpFi


Innate Abilities, Weirdness & Mutations

You have a pair of horns on your head.
You reflexively headbutt those who attack you in melee.


Message History

You shoot an arrow. The arrow hits the scorpion.
The scorpion is heavily wounded.
The centaur completely misses you.
The centaur kicks you but does no damage.
The scorpion stings you.
You are poisoned.
The scorpion poisons you! The centaur barely misses you. The centaur kicks you.
The scorpion stings you but does no damage.
Fire: a) +0 shortbow
Press: ? - help, Q - select action Shift-Dir - straight line, f/p - scorpion
Aim: a scorpion (heavily wounded, 65% to hit)
You shoot an arrow. The arrow hits the scorpion.
The scorpion is severely wounded.
You feel very sick. The centaur hits you. The centaur barely misses you.
The scorpion stings you.
You are more poisoned.
The scorpion poisons you!
The centaur misses you. x2; The scorpion stings you.
You are lethally poisoned!
The scorpion poisons you!
Fire: a) +0 shortbow
Press: ? - help, Q - select action Shift-Dir - straight line, f/p - scorpion
Aim: a scorpion (severely wounded, 65% to hit)
You shoot an arrow.
The arrow hits the scorpion but does no damage.
The scorpion is severely wounded.
* * * LOW HITPOINT WARNING * * *
You feel extremely sick.
The centaur hits you but does no damage.
The centaur closely misses you. The centaur hits you.
* * * LOW HITPOINT WARNING * * *
The centaur kicks you but does no damage.
The scorpion stings you.
* * * LOW HITPOINT WARNING * * *
Unknown command.
It was a potion of brilliance.
You feel clever all of a sudden.
* * * LOW HITPOINT WARNING * * *
You feel very sick. The centaur hits you.
You die...

#######
###.....## . #
........#.. ##.
#..........
##..##..........
.......@........
...##.cs##......
#............
###..........
##..........
##....###....
#...#.# ...
#...### ..
.....# .


You could see a centaur and a scorpion.

Vanquished Creatures
  Grinder (D:4)
  A scorpion (D:4)
  A hound (D:4)
  Terence (D:3)
  4 gnolls (D:3)
  2 adders (D:2)
  4 worms
  A dart slug (D:1)
  7 orcs
  5 ball pythons
  6 endoplasms
  2 giant cockroaches
  4 goblins
  5 hobgoblins (D:1)
  11 jackals (D:3)
  3 kobolds (D:4)
  7 quokkas
  2 bats (D:3)
  4 frilled lizards
  3 rats
74 creatures vanquished.

Notes
Turn   | Place    | Note
-------+----------+-------------------------------------------
     0 | D:1      | safid the Minotaur Hunter began the quest for the Orb.
     0 | D:1      | Reached XP level 1. HP: 18/18 MP: 0/0
   148 | D:1      | Reached XP level 2. HP: 26/26 MP: 1/1
  1095 | D:2      | Reached skill level 5 in Ranged Weapons
  1095 | D:2      | Reached XP level 3. HP: 7/31 MP: 2/2
  1941 | D:3      | Reached XP level 4. HP: 40/40 MP: 3/3
  2012 | D:3      | Found a faded altar of an unknown god.
  2043 | D:3      | Noticed Terence
  2051 | D:3      | Killed Terence
  2052 | D:3      | Reached XP level 5. HP: 32/47 MP: 4/4
  2307 | D:3      | Found a transporter.
  2312 | D:3      | Found a transporter.
  2316 | D:3      | Noticed zeram's ghost (amateur SpFi)
  2421 | D:3      | Found a glowing golden altar of the Shining One.
  2673 | D:4      | Reached skill level 6 in Ranged Weapons
  2683 | D:4      | Reached skill level 5 in Fighting
  2803 | D:4      | Found Waikh's Neck Hole.
  2858 | D:4      | Found a hazy altar of Hepliaklqana.
  3051 | D:4      | Noticed Grinder
  3080 | D:4      | Killed Grinder
  3081 | D:4      | Reached XP level 6. HP: 23/57 MP: 5/5
  3478 | D:5      | Entered Level 5 of the Dungeon
  3502 | D:4      | Reached skill level 7 in Ranged Weapons
  3737 | D:5      | Slain by a centaur

Illustrated notes

Levels and vault maps discovered:
D:1:      evilmike_arrival_plus, layout_basic
D:2:      layout_basic
D:3:      layout_rooms, general_overflow_altar, gammafunk_ghost_stat_death,
          hellmonk_ecumenical_altar_dog_temple, uniq_terence
D:4:      layout_basic, nicolae_overflow_crystal_walls, palyth_stone_intersect,
          nicolae_shop_sticking_my_neck_out, uniq_grinder
D:5:      layout_cave_pools, grunt_temple_overflow_opulence,
          minmay_temple_entry_mini_moons, minmay_stone_trees_large

Skill      XL: |  1  2  3  4  5  6 |
---------------+-------------------+-----
Fighting       | 3 4 6 |  6.4
Ranged Weapons | 5 6 7 |  7.1
Dodging        | |  2.1
Stealth        | |  0.7

Action                   |  1- 3 |  4- 6 || total
-------------------------+-------+-------++-------
 Fire: Shortbow          |   100 |   135 ||   235
  Use: Potion            |       |     1 ||     1
Armor: Leather armour    |     9 |     5 ||    14
       Scale mail        |       |    11 ||    11
Dodge: Dodged            |    16 |    46 ||    62
